 Dungeon Crawl Stone Soup version 0.15.0-12-gccce430 (webtiles) character file.

6279 EvilAshe the Arsonist (level 10, -2/50 HPs)
             Began as a Tengu Fire Elementalist on Aug 31, 2014.
             Slain by a two-headed ogre
             ... wielding a +0 giant club
              (8 damage)
             ... on Level 10 of the Dungeon.
             The game lasted 01:16:07 (15591 turns).

EvilAshe the Arsonist (Tengu Fire Elementalist)    Turns: 15591, Time: 01:16:07

HP  -2/50        AC  6     Str  8      XL: 10   Next: 94%
MP  11/27        EV  2     Int 19      God:
Gold 238         SH  0     Dex 14 (15) Spells:  5 memorised,  9 levels left

rFire  . . .     SeeInvis .     O - +0 trident
rCold  . . .     Clarity  .     a - +0 robe
rNeg   + + +     rCorr    .     (no shield)
rPois  +         rRot     +     U - +2 hat
rElec  .         Spirit   .     H - +1 cloak
SustAb .         Warding  +     (no gloves)
rMut   .         Stasis   .     (boots unavailable)
Gourm  .                        x - cursed amulet of warding
MR     .....                    (no ring)
                                m - ring of stealth

@: petrified, flying quickly and evasively, very slightly contaminated, repel
missiles, quick, not resistant to hostile enchantments, fairly stealthy
A: able to fly, beak, talons 3
a: no special abilities


You were on level 10 of the Dungeon.
You were hungry.

You visited 2 branches of the dungeon, and saw 11 of its levels.

You collected 485 gold pieces.
You spent 247 gold pieces at shops.

Inventory:

Hand weapons
 O - a +0 trident (weapon)
Armour
 a - a +0 robe (worn)
 H - a +1 cloak (worn)
 U - a +2 hat (worn)
Magical devices
 g - a wand of cold (5)
 s - a wand of frost (10)
 B - a wand of draining (10)
 D - a wand of flame (5)
 N - a wand of teleportation (3)
 Q - a wand of magic darts (5)
 R - a wand of digging (13)
 Y - a wand of frost (9)
Comestibles
 c - 4 bread rations
 L - 3 meat rations
 P - 21 fruits
 S - 2 beef jerkies
 W - 2 chunks of orc flesh
Scrolls
 f - a scroll of recharging
 h - 6 scrolls of teleportation
 l - a scroll of fog
 o - 3 scrolls of enchant weapon
 p - a scroll of amnesia {unknown}
 q - 5 scrolls of remove curse
 t - a scroll of immolation {unknown}
 w - a scroll of magic mapping {unknown}
 y - a scroll of random uselessness {unknown}
 F - 2 scrolls of blinking
 G - 4 scrolls of identify
 I - a scroll of silence {unknown}
 M - a scroll of summoning {unknown}
 V - a scroll of enchant armour {unknown}
Jewellery
 m - a ring of stealth (left hand)
 x - a cursed amulet of warding (around neck)
 K - a +1 ring of protection {unknown}
Potions
 d - 2 potions of haste
 e - a potion of resistance
 i - 3 potions of heal wounds
 j - 6 potions of curing
 k - a potion of invisibility
 n - a potion of agility {unknown}
 r - 2 potions of poison {unknown}
 u - a potion of cancellation
 v - 4 potions of brilliance
 z - a potion of berserk rage
 A - 3 potions of might {unknown}
 E - a potion of magic {unknown}
Books
 b - a book of Flames

   Spells                             Type                      Level
   *Flame Tongue                      Conjuration/Fire             1
   Throw Flame                        Conjuration/Fire             2
   *Conjure Flame                     Conjuration/Fire             3
   Inner Flame                        Hexes/Fire                   3
   *Sticky Flame                      Conjuration/Fire             4
   *Fireball                          Conjuration/Fire             5
 C - a book of Power

   Spells                             Type                      Level
   Fulminant Prism                    Conjuration/Hexes            4
   Iskenderun's Mystic Blast          Conjuration                  4
   Venom Bolt                         Conjuration/Poison           5
   Bolt of Magma                      Conjuration/Fire/Earth       5
   Iron Shot                          Conjuration/Earth            6
   Orb of Destruction                 Conjuration                  7
 J - a book of Air

   Spells                             Type                      Level
   Shock                              Conjuration/Air              1
   Swiftness                          Charms/Air                   2
   *Repel Missiles                    Charms/Air                   2
   Flight                             Charms/Air                   3
   Static Discharge                   Conjuration/Air              3
   Lightning Bolt                     Conjuration/Air              5
 T - a Necronomicon {highlevel, unknown}

   This book is beyond your current level of understanding.

   Spells                             Type                      Level
   Haunt                              Necromancy/Summoning         7
   Borgnjor's Revivification          Necromancy                   8
   Death's Door                       Charms/Necromancy            8
   Necromutation                      Transmutation/Necromancy     8


   Skills:
 + Level 8.3 Dodging
 - Level 2.0 Stealth
 + Level 7.9 Spellcasting
 - Level 10.1 Conjurations
 - Level 10.3 Fire Magic


You had 9 spell levels left.
You knew the following spells:

 Your Spells              Type           Power        Failure   Level  Hunger
a - Flame Tongue          Conj/Fire      #####        1%          1    None
c - Conjure Flame         Conj/Fire      #####...     1%          3    #......
f - Fireball              Conj/Fire      #####.....   4%          5    ####...
r - Repel Missiles        Chrm/Air       #.....       17%         2    None
s - Sticky Flame          Conj/Fire      #####...     1%          4    ###....


Dungeon Overview and Level Annotations

Branches:
Dungeon (10/15)            Temple (1/1) D:7             Orc (0/4) D:9
   Lair (0/8) D:10

Altars:
Ashenzari
Cheibriados
Dithmenos
Elyvilon
Fedhas
Kikubaaqudgha
Makhleb
Nemelex Xobeh
Okawaru
Qazlal
Sif Muna
Trog
Xom
Yredelemnul
Zin
The Shining One

Shops:
D:9 ![(


Innate Abilities, Weirdness & Mutations

You can fly.
You have a beak for a mouth.
You have claws for feet.


Message History

You kill the basilisk!
The fireball engulfs the yak.
The yak is moderately wounded.
The fireball engulfs the yak.
The yak is heavily wounded.
You are feeling hungry.
Your limbs are stiffening.
You have turned to stone.
The yak gores you! The yak gores you. The yak gores you!
The two-headed ogre hits you with a giant club!
The two-headed ogre hits you with a giant club!!
The yak gores you. The yak gores you! The yak gores you!
* * * LOW HITPOINT WARNING * * *
The two-headed ogre hits you with a giant club.
* * * LOW HITPOINT WARNING * * *
The two-headed ogre hits you with a giant club!
You die...

#.# #####.# ###
#...#.###<#######.#
+......%l..........
#..Y##.##.######..#
#...##..#.###
+...+..l....#
###..%###Y#.#.#
#.......Y@..#.#
#.###.#.O......# #.
##P.PP.♣....# #
#......P....#
#....%P......♣
#...........♣.#
#.P...........♣.
#+....P..♣.....
.....♣..>....


You could see 2 yaks, a basilisk and a two-headed ogre.

Vanquished Creatures
  Erolcha (D:8)
  Pikel (D:7)
  Joseph (D:7)
  2 wyverns (D:8)
  A basilisk (D:10)
  A yak (D:10)
  A hill giant skeleton (D:9)
  Edmund (D:9)
  Menkaure (D:7)
  A water moccasin (D:6)
  2 sky beasts
  2 black bears (D:8)
  2 necrophages
  4 slaves
  4 phantoms
  A porcupine (D:10)
  2 orc warriors
  2 ice beasts
  An ogre (D:8)
  A centaur (D:9)
  2 big kobolds
  A crocodile (D:10)
  Duvessa (D:8)
  The ghost of Iskender the Ruffian, an average VSMo (D:3)
  5 killer bees (D:9)
  2 scorpions
  5 giant frogs
  4 wights (D:7)
  2 quasits
  6 crimson imps
  A goliath beetle (D:8)
  Dowan (D:8)
  A centaur zombie (D:5)
  4 hounds
  An orc priest (D:5)
  3 iguanas
  4 orc wizards
  7 worker ants
  An ogre skeleton (D:9)
  A hound skeleton (D:8)
  5 adders
  7 gnolls
  5 green rats (D:10)
  An inept feature mimic (D:9)
  4 worms
  2 adder skeletons
  3 giant geckos
  35 orcs
  5 giant cockroaches
  9 goblins
  14 hobgoblins
  31 kobolds
  4 oozes
  3 ball pythons
  14 bats
  5 giant newts
  2 giant spores
  A hobgoblin skeleton (D:6)
  6 jackals
  An orc skeleton (D:9)
  4 quokkas
  12 rats
  A rat zombie (D:8)
  6 ballistomycetes
265 creatures vanquished.

Notes
Turn   | Place    | Note
--------------------------------------------------------------
     0 | D:1      | EvilAshe, the Tengu Fire Elementalist, began the quest for the Orb.
     0 | D:1      | Reached XP level 1. HP: 10/10 MP: 3/3
   340 | D:1      | Reached XP level 2. HP: 15/15 MP: 3/5
  1202 | D:2      | Reached skill level 4 in Fire Magic
  1210 | D:2      | Reached XP level 3. HP: 16/19 MP: 1/7
  1557 | D:1      | Learned a level 3 spell: Conjure Flame
  2585 | D:3      | Reached XP level 4. HP: 24/24 MP: 3/8
  2786 | D:3      | Noticed Iskender's ghost (average VSMo)
  4093 | D:4      | Noticed a sky beast
  4127 | D:4      | Reached skill level 5 in Fire Magic
  4444 | D:4      | HP: 1/24 [orc/whip (2)]
  4445 | D:4      | Reached XP level 5. HP: 1/28 MP: 1/11
  4472 | D:5      | Entered Level 5 of the Dungeon
  4742 | D:5      | Learned a level 4 spell: Sticky Flame
  4979 | D:5      | Noticed a phantom
  5085 | D:5      | Killed a phantom
  5085 | D:5      | Reached skill level 5 in Conjurations
  5085 | D:5      | Reached XP level 6. HP: 30/32 MP: 0/12
  5276 | D:5      | Noticed an ice beast
  5289 | D:5      | Killed an ice beast
  5289 | D:5      | Reached skill level 6 in Fire Magic
  5482 | D:5      | Reached XP level 7. HP: 36/36 MP: 7/14
  5541 | D:4      | Killed a sky beast
  5790 | D:5      | Reached skill level 7 in Fire Magic
  7218 | D:5      | Found a snail-covered altar of Cheibriados.
  7219 | D:5      | Found a white marble altar of Elyvilon.
  7219 | D:5      | Found a glowing silver altar of Zin.
  7281 | D:5      | Noticed a centaur
  7477 | D:6      | Found a shimmering altar of Xom.
  7488 | D:6      | Reached skill level 8 in Conjurations
  7488 | D:6      | Reached XP level 8. HP: 19/41 MP: 9/16
  7903 | D:6      | Found a blossoming altar of Fedhas.
  9047 | D:3      | Killed Iskender's ghost
  9047 | D:3      | Reached skill level 9 in Conjurations
  9550 | D:7      | Noticed Joseph
 10103 | D:7      | Found a staircase to the Ecumenical Temple.
 10109 | Temple   | Entered the Ecumenical Temple
 10451 | D:7      | Noticed Menkaure
 10535 | D:7      | Reached skill level 10 in Conjurations
 10693 | D:7      | Reached XP level 9. HP: 45/45 MP: 14/17
 10832 | D:7      | Killed Joseph
 10852 | D:7      | Learned a level 5 spell: Fireball
 11096 | D:7      | Noticed Pikel
 11282 | D:7      | Killed Pikel
 11282 | D:7      | Reached skill level 10 in Fire Magic
 11403 | D:7      | Learned a level 2 spell: Repel Missiles
 11571 | D:8      | Noticed Duvessa
 11574 | D:8      | Noticed Dowan
 11581 | D:8      | Killed Dowan
 11686 | D:8      | Killed Duvessa
 11925 | D:8      | Reached skill level 5 in Spellcasting
 12233 | D:8      | Found a shadowy altar of Dithmenos.
 12330 | D:8      | Found a burning altar of Makhleb.
 12444 | D:8      | Reached XP level 10. HP: 43/50 MP: 11/24
 12580 | D:8      | Reached skill level 5 in Dodging
 12765 | D:8      | Noticed Erolcha
 12803 | D:8      | Killed Erolcha
 13318 | D:7      | Killed Menkaure
 13836 | D:9      | Found Olierph's Distillery.
 13839 | D:9      | Olierph's Distillery was a mimic.
 13920 | D:9      | Found an iron altar of Okawaru.
 13998 | D:9      | Found Tevesk's Distillery.
 14008 | D:9      | Bought a potion of curing for 26 gold pieces
 14008 | D:9      | Bought a potion of curing for 26 gold pieces
 14008 | D:9      | Bought a potion of haste for 91 gold pieces
 14008 | D:9      | Bought a potion of heal wounds for 39 gold pieces
 14008 | D:9      | Bought 2 potions of brilliance for 65 gold pieces
 14082 | D:9      | Noticed Edmund
 14094 | D:9      | Killed Edmund
 14147 | D:9      | Found Jesuis' Armour Emporium.
 14174 | D:9      | Found Asseep's Antique Weapon Boutique.
 14848 | D:9      | Found a staircase to the Orcish Mines.
 15343 | D:10     | Entered Level 10 of the Dungeon
 15383 | D:10     | Found a staircase to the Lair.
 15591 | D:10     | Slain by a two-headed ogre

Action                   |  1- 3 |  4- 6 |  7- 9 | 10-12 || total
-------------------------+-------+-------+-------+-------++-------
Melee: Unarmed           |     3 |       |       |       ||     3
       Spear             |    42 |    52 |   254 |     5 ||   353
       Trident           |       |       |       |    79 ||    79
 Cast: Flame Tongue      |    61 |    86 |   192 |   105 ||   444
       Conjure Flame     |     2 |    16 |     5 |     9 ||    32
       Sticky Flame      |       |     1 |    41 |    34 ||    76
       Fireball          |       |       |     2 |     6 ||     8
       Repel Missiles    |       |       |     1 |       ||     1
 Abil: Fly               |       |     2 |    20 |    15 ||    37
Evoke: Wand              |       |       |     4 |     2 ||     6
  Use: Scroll            |       |     3 |     9 |     3 ||    15
       Potion            |       |     1 |     1 |       ||     2
 Stab: Sleeping          |     1 |     1 |     1 |     1 ||     4
  Eat: Chunk             |     2 |     4 |    25 |    14 ||    45
       Bread ration      |     1 |       |     1 |       ||     2
       Fruit             |       |     3 |     4 |     3 ||    10
       Pizza             |       |     1 |       |       ||     1
       Meat ration       |       |     1 |       |       ||     1
       Beef jerky        |       |       |     2 |     1 ||     3
